 Dungeon Crawl Stone Soup version 0.26-a0-613-g4f23886233 (webtiles) character file.

Game seed: 11618011184567435298

12459 Drevant2 the Devastator (level 11, -2/61 HPs)
             Began as a Tengu Conjurer on Mar 16, 2020.
             Was a Follower of Sif Muna.
             Slain by a bullfrog (6 damage)
             ... on level 11 of the Dungeon on Sept 11, 2020.
             The game lasted 01:41:55 (19321 turns).

Drevant2 the Devastator (Tengu Conjurer)           Turns: 19321, Time: 01:41:55

Health: -2/61      AC:  3    Str: 12    XL:     11   Next: 93%
Magic:  32/34      EV: 13    Int: 19    God:    Sif Muna [*.....]
Gold:   1388       SH:  0    Dex: 16    Spells: 17/28 levels left

rFire    . . .     SeeInvis .   k - +2 dagger (venom)
rCold    . . .     Faith    .   (no shield)
rNeg     . . .     Spirit   .   a - +0 robe
rPois    +         Reflect  .   (helmet restricted)
rElec    .         Harm     .   t - +0 cloak
rCorr    .                      (no gloves)
MR       .....                  (boots unavailable)
Stlth    ++........             (no amulet)
HPRegen  0.20/turn              D - ring "Luvav" {rPois Str+2 Int+3}
MPRegen  0.24/turn              i - ring of magical power

@: no status effects
A: beak, talons 3, able to fly
a: Fly, Channel Magic, Renounce Religion


You were on level 11 of the Dungeon.
You worshipped Sif Muna.
Sif Muna was aware of your devotion.
You visited 1 branch of the dungeon, and saw 11 of its levels.
You also visited: Sewer and Bailey.

You collected 1388 gold pieces.

Inventory:

Hand Weapons
 k - a +2 dagger of venom (weapon)
 y - a cursed -1 quarterstaff
Armour
 a - a +0 robe (worn)
 t - a +0 cloak (worn)
Magical Staves
 l - an uncursed staff of cold {unknown}
Jewellery
 d - a +4 ring of slaying {unknown}
 i - a ring of magical power (right hand)
 n - an uncursed ring of resist corrosion {unknown}
 D - the ring "Luvav" (left hand) {rPois Str+2 Int+3}
   (You found it on level 6 of the Dungeon)

   [ring of poison resistance]

   It affects your strength (+2).
   It affects your intelligence (+3).
   It protects you from poison.
 E - an uncursed ring of ice {unknown}
 H - an uncursed ring of stealth
 K - an uncursed ring of protection from cold {unknown}
 M - an uncursed ring of see invisible
Wands
 g - a wand of enslavement (11)
 j - a wand of polymorph (6)
 s - a wand of disintegration (14)
 B - a wand of flame (23)
 L - a wand of random effects (17)
Scrolls
 e - 7 scrolls of remove curse
 h - 4 scrolls of identify
 m - 2 scrolls of immolation {unknown}
 r - 2 scrolls of fear {unknown}
 v - 5 scrolls of amnesia {unknown}
 w - a scroll of random uselessness {unknown}
 x - 3 scrolls of magic mapping {unknown}
 C - 2 scrolls of noise {unknown}
 F - a scroll of fog {unknown}
 I - a scroll of brand weapon {unknown}
 P - a scroll of summoning {unknown}
Potions
 b - a potion of flight
 o - a potion of might
 p - 3 potions of curing {unknown}
 q - 3 potions of cancellation
 u - a potion of resistance {unknown}
 z - a potion of ambrosia
 A - a potion of berserk rage {unknown}
 G - a potion of haste {unknown}
Miscellaneous
 N - a phantom mirror
Comestibles
 c - 17 removed foods


   Skills:
 - Level 4.2 Fighting
 + Level 3.5 Short Blades
 - Level 2.1 Dodging
 - Level 2.0 Stealth
 - Level 9.1 Spellcasting
 - Level 17.5 Conjurations
 - Level 2.2 Hexes
 - Level 3.3 Translocations


You had 17 spell levels left.
You knew the following spells:

 Your Spells              Type           Power        Failure   Level
a - Magic Dart            Conj           ####         0%          1
b - Searing Ray           Conj           ######       0%          2
c - Iskenderun's Mystic   Conj/Tloc      #####...     1%          4
d - Fulminant Prism       Conj/Hex       #####.....   1%          4

Your spell library contained the following spells:

 Spells                   Type           Power        Failure   Level
 Dazzling Flash           Conj/Hex       #####.       1%          3
 Beastly Appendage        Tmut           #.....       9%          1
 Wereblood                Tmut           #.......     12%         2
 Spider Form              Tmut/Pois      #.........   24%         3
 Ice Form                 Ice/Tmut       #.......     63%         4
 Blade Hands              Tmut           #.........   92%         5


Dungeon Overview and Level Annotations

Branches:
Dungeon (11/15)            Temple (0/1) D:6            Lair (0/6) D:10
  Sewer (visited)          Bailey (visited)
    Orc: D:9-12

Altars:
Cheibriados
Fedhas
Kikubaaqudgha
Makhleb
Nemelex Xobeh
Okawaru
Sif Muna
Vehumet

Shops:
D:4 }

Annotations:
D:8 Harold
D:10 2 transporters, haldagan's ghost, weakling FoDe
D:11 Nergalle


Innate Abilities, Weirdness & Mutations

You have a beak for a mouth.
You have claws for feet.
You can fly continuously.


Message History

* * * LOW HITPOINT WARNING * * *
The centaur shoots an arrow.
The arrow hits you.
* * * LOW HITPOINT WARNING * * *
You see here 2 arrows.
The centaur unwields a +0 shortbow.
The centaur barely misses you.
You hit the centaur but do no damage.
The centaur is poisoned.
You claw the centaur, but do no damage. You peck the centaur.
The centaur is lightly wounded.
The sentinel's mark upon you fades away.
The centaur unwields a +4 shortbow.
The centaur hits you but does no damage.
The centaur unwields a +0 shortbow.
The centaur hits you.
* * * LOW HITPOINT WARNING * * *
The centaur misses you.
You see here an arrow.
Unknown command.
You hit the centaur.
The centaur is poisoned.
You claw the centaur.
The centaur is lightly wounded.
The bullfrog hits you.
You die...

## <################
r)o))).........(##
########.o....#Fc#
#........≈.≈≈.##@######
K........≈≈≈≈o.ccc.....>
#...oo..≈≈≈≈≈≈#...#####.
#.§.o...P≈≈≈≈.#....#
#...o.F.......#....#
###############....#
#....# #....# #....#


You could see a bullfrog, 4 centaurs and an orc.

Vanquished Creatures
  3 two-headed ogres
  A skeletal warrior (D:7)
  Grinder (D:5)
  A hippogriff (D:7)
  Sigmund (D:2)
  2 wyverns
  5 yaks
  4 hogs (D:7)
  A human (D:7)
  3 ice beasts
  10 orc warriors
  A sky beast (D:8)
  3 phantoms
  5 ogres
  3 black bears
  2 necrophages (D:6)
  7 centaurs
  10 big kobolds
  9 bullfrogs
  3 scorpions
  3 killer bees (D:10)
  25 wights
  An electric eel (D:6)
  4 howler monkeys
  3 crimson imps
  A centaur zombie (D:7)
  A gnoll shaman (D:7)
  7 orc priests
  3 bullfrog zombies
  2 bullfrog skeletons
  3 centaur skeletons
  7 hounds
  4 jellies
  9 orc wizards
  Ijyb (D:3)
  2 iguanas
  10 worker ants
  A hound zombie (D:8)
  2 hound skeletons
  A mummy (D:7)
  A worker ant zombie (D:8)
  5 gnolls
  20 adders
  A shadow imp (D:5)
  2 ufetubi (D:10)
  4 oozes
  2 adder zombies (D:5)
  9 worms
  5 dart slugs
  9 leopard geckos
  43 orcs
  8 giant cockroaches
  6 goblins
  10 hobgoblins
  6 jackals
  5 quokkas
  10 bats
  7 frilled lizards
  A jackal zombie (D:7)
  25 kobolds
  10 rats
354 creatures vanquished.

Vanquished Creatures (others)
  3 fulminant prisms (D:9)
  2 plants (D:9)
  2 withered plants (D:11)
7 creatures vanquished.

Grand Total: 361 creatures vanquished

Notes
Turn   | Place    | Note
-------+----------+-------------------------------------------
     0 | D:1      | Drevant2 the Tengu Conjurer began the quest for the Orb.
     0 | D:1      | Reached XP level 1. HP: 10/10 MP: 4/4
   258 | D:1      | Reached XP level 2. HP: 15/15 MP: 1/6
   316 | D:1      | Learned a level 2 spell: Searing Ray
   359 | D:1      | Reached skill level 6 in Conjurations
   736 | D:1      | Reached XP level 3. HP: 19/19 MP: 4/7
  1395 | D:2      | Noticed Sigmund
  1467 | D:2      | Reached XP level 4. HP: 24/24 MP: 2/9
  1683 | D:2      | Noticed a phantom
  2086 | D:3      | Noticed Ijyb
  2091 | D:3      | Reached skill level 7 in Conjurations
  2100 | D:3      | Killed Ijyb
  2100 | D:3      | Gained mutation: You can fly continuously. [Tengu growth]
  2100 | D:3      | Reached XP level 5. HP: 28/28 MP: 0/10
  2382 | D:3      | Found a glowing drain.
  2386 | Sewer    | Entered a sewer
  2571 | Sewer    | Noticed a big kobold
  2571 | Sewer    | Noticed a big kobold
  2582 | Sewer    | Killed a big kobold
  2582 | Sewer    | Reached skill level 8 in Conjurations
  2586 | Sewer    | Killed a big kobold
  2586 | Sewer    | Reached skill level 9 in Conjurations
  2586 | Sewer    | Reached XP level 6. HP: 27/32 MP: 7/11
  3080 | Sewer    | Reached skill level 10 in Conjurations
  3080 | Sewer    | Reached XP level 7. HP: 36/36 MP: 2/12
  3372 | Sewer    | Reached skill level 11 in Conjurations
  3428 | Sewer    | Learned a level 4 spell: Iskenderun's Mystic Blast
  3794 | D:3      | Reached skill level 1 in Translocations
  4340 | D:2      | Killed Sigmund
  4340 | D:2      | Reached XP level 8. HP: 17/41 MP: 1/13
  4658 | D:4      | Found Tanirec's Gadget Shoppe.
  4743 | D:4      | Reached skill level 12 in Conjurations
  5268 | D:5      | Entered Level 5 of the Dungeon
  5268 | D:5      | Found a radiant altar of Vehumet.
  5321 | D:5      | HP: 2/41 [ice beast (6)]
  5819 | D:5      | Noticed Grinder
  5847 | D:5      | Reached skill level 13 in Conjurations
  5847 | D:5      | Reached XP level 9. HP: 34/45 MP: 10/16
  6085 | D:5      | Paralysed by Grinder for 2 turns
  6093 | D:5      | Paralysed by Grinder for 6 turns
  6105 | D:5      | Killed Grinder
  6141 | D:5      | Reached skill level 5 in Spellcasting
  6315 | D:6      | Found a staircase to the Ecumenical Temple.
  6535 | D:6      | Reached skill level 14 in Conjurations
  6605 | D:6      | Got a warped lead ring
  6658 | D:6      | Upgraded the game from 0.25-a0-603-g0321be95db to
                  | 0.25-a0-661-g55ea3d2053
  6937 | D:6      | Found an ancient bone altar of Kikubaaqudgha.
  6938 | D:6      | Found a burning altar of Makhleb.
  7313 | D:6      | Found a sparkling altar of Nemelex Xobeh.
  7739 | D:6      | Reached skill level 15 in Conjurations
  7847 | D:7      | Reached XP level 10. HP: 38/50 MP: 8/20
  7872 | D:6      | Upgraded the game from 0.25-a0-661-g55ea3d2053 to
                  | 0.25-a0-670-g50981ef59b
  7872 | D:6      | Upgraded the game from 0.25-a0-670-g50981ef59b to
                  | 0.25-a0-697-g890751e744
  7872 | D:6      | Upgraded the game from 0.25-a0-697-g890751e744 to
                  | 0.26-a0-613-g4f23886233
  8013 | D:7      | Found a snail-covered altar of Cheibriados.
 10063 | D:7      | Identified the ring "Luvav" {rPois Str+2 Int+3} (You found
                  | it on level 6 of the Dungeon)
 10195 | D:7      | Reached skill level 16 in Conjurations
 10199 | D:7      | HP: 1/50 [hog (12)]
 11178 | D:8      | Found a flagged portal.
 11196 | Bailey   | Entered a bailey
 11626 | Bailey   | Found an iron altar of Okawaru.
 11906 | D:8      | Reached skill level 17 in Conjurations
 12198 | D:8      | Reached XP level 11. HP: 54/55 MP: 23/23
 12213 | D:8      | Reached skill level 1 in Fighting
 12431 | D:8      | Noticed Harold
 13076 | D:9      | Noticed a two-headed ogre
 13156 | D:8      | Noticed a skeletal warrior
 13394 | D:8      | Noticed a skeletal warrior
 13452 | D:8      | Noticed a skeletal warrior
 13471 | D:7      | Killed a skeletal warrior
 13571 | D:8      | Noticed a skeletal warrior
 13898 | D:8      | Found an iron altar of Okawaru.
 15633 | D:9      | Killed a two-headed ogre
 15796 | D:9      | Noticed a two-headed ogre
 16678 | D:10     | Entered Level 10 of the Dungeon
 16769 | D:10     | Noticed haldagan's ghost (weakling FoDe)
 16926 | D:10     | Found a transporter.
 16975 | D:10     | Found a staircase to the Lair.
 16975 | D:10     | Noticed a death yak
 17182 | D:9      | Learned a level 4 spell: Fulminant Prism
 17391 | D:9      | Found a shimmering blue altar of Sif Muna.
 17397 | D:9      | Became a worshipper of Sif Muna the Loreminder
 17449 | D:9      | Found a blossoming altar of Fedhas.
 17536 | D:9      | Killed a two-headed ogre
 17766 | D:10     | Noticed a death yak
 17929 | D:11     | Noticed Nergalle
 18091 | D:10     | Found a transporter.
 18091 | D:10     | Noticed a two-headed ogre
 18103 | D:10     | Killed a two-headed ogre
 18642 | D:10     | Reached skill level 1 in Short Blades
 19054 | D:10     | Noticed a death yak
 19227 | D:11     | Reached * piety under Sif Muna
 19289 | D:11     | Noticed a cyan ugly thing
 19321 | D:11     | Slain by a bullfrog

Illustrated notes

Levels and vault maps discovered:
D:1:      minmay_arrival_statue_studded, layout_basic
D:2:      layout_loops_ring, uniq_sigmund
D:3:      layout_basic, gup_sewer_entry_spiral, minmay_three_crescents,
          uniq_ijyb
D:4:      layout_basic, serial_shops, shop, first_ration, minmay_starry_boxes
D:5:      layout_loops_cross, vehumet_crystals, uniq_grinder
D:6:      layout_gridville, minitemple, nemelex_xobeh_ov_fountains_minmay,
          minmay_temple_entry_waves, serial_bayou_lagoon_a
D:7:      layout_loops_corners, slow_altar_1, grunt_livestock, glass_columns_a,
          minmay_alternating_orb
D:8:      layout_basic, enter_bailey_6, kennysheep_okawaru_gauntlet, uniq_harold
D:9:      layout_rooms, led_sif_pool, fedhas_ov_isle_minmay
D:10:     layout_loops_ring, dpeg_lair_monsters, gammafunk_ghost_hive,
          minmay_fractal_squares_5
D:11:     layout_basic, serial_undead, serial_undead_c, serial_undead_f,
          serial_undead_d, serial_undead_a, serial_undead_f,
          muffindrake_ghost_dual_entry, lemuel_hellish_altar, uniq_nergalle

Skill      XL: |  1  2  3  4  5  6  7  8  9 10 11 |
---------------+----------------------------------+-----
Conjurations   | 6 7 9 10 11 13 15 17 | 17.5
Spellcasting   | 3 4 6 7 9 |  9.1
Translocations | 2 3 |  3.3
Fighting       | 4 |  4.2
Hexes          | 2 |  2.2
Short Blades   | 3 |  3.5
Dodging        | |  2.1
Stealth        | |  2.0

Action                   |  1- 3 |  4- 6 |  7- 9 | 10-12 || total
-------------------------+-------+-------+-------+-------++-------
Melee: Unarmed           |       |    12 |       |       ||    12
       Peck              |       |     8 |    37 |    35 ||    80
       Kick              |       |    13 |    65 |    55 ||   133
       Dagger            |       |    61 |   215 |   178 ||   454
 Cast: Magic Dart        |    72 |    48 |   214 |   270 ||   604
       Searing Ray       |       |     3 |    21 |    87 ||   111
       Iskenderun's Myst |       |       |    12 |    41 ||    53
       Fulminant Prism   |       |       |       |     3 ||     3
  Use: Potion            |       |     3 |     4 |     3 ||    10
       Scroll            |       |       |     3 |    15 ||    18
 Stab: Sleeping          |       |     1 |     4 |     1 ||     6
  Eat: Removed food      |     3 |     2 |     7 |       ||    12
       Removed food      |       |     1 |     4 |       ||     5
Armor: Robe              |     1 |     5 |    37 |    37 ||    80
       Skin              |       |     4 |       |       ||     4
Dodge: Dodged            |     8 |    31 |   157 |   197 ||   393

Table legend: (Time is in decaauts)
 A = Elapsed time spent in this place.
 B = Non-inter-level travel time spent in this place.
 C = Inter-level travel time spent in this place.
 D = Time resting spent in this place.
 E = Time spent auto-exploring this place.
 F = Levels seen in this place.
 G = Mean time per level.
                   A        B        C        D        E       F      G
               +--------+--------+--------+--------+--------+-----+--------+
         Total |  19537 |  16245 |   3292 |   6188 |   5282 |  13 | 1502.8 |
       Dungeon |  17606 |  14314 |   3292 |   5436 |   4789 |  11 | 1600.5 |
         Sewer |   1468 |   1468 |      0 |    578 |    493 |   1 | 1468.0 |
        Bailey |    462 |    462 |      0 |    174 |      0 |   1 |  462.0 |
               +--------+--------+--------+--------+--------+-----+--------+

Top non-repeatable levels by time:
     D:8: 3829 daAuts
     D:7: 3810 daAuts
    D:10: 1729 daAuts
     D:9: 1083 daAuts
  Bailey: 462 daAuts
     D:6: 450 daAuts
    D:11: 108 daAuts
Note: time per level data comes from an upgraded game and may be incomplete.
